 Dungeon Crawl Stone Soup version 0.24-a0-459-g225fefd530 (webtiles) character file.

Game seed: 77669387708060580

6969 Peloso the Carver (level 10, -12/88 HPs)
             Began as a Minotaur Fighter on June 28, 2019.
             Was a High Priest of Okawaru.
             Mangled by Snorg (20 damage)
             ... on level 10 of the Dungeon.
             The game lasted 00:19:20 (9013 turns).

Peloso the Carver (Minotaur Fighter)                Turns: 9013, Time: 00:19:20

Health: -12/88     AC: 19    Str: 22    XL:     10   Next: 81%
Magic:  0/9        EV: 12    Int:  5    God:    Okawaru [*****.]
Gold:   494        SH: 14    Dex: 12    Spells: 9/9 levels left

rFire    . . .     SeeInvis .   a - +2 falchion (curse)
rCold    . . .     Gourm    .   c - +0 shield
rNeg     . . .     Faith    .   N - +0 plate armour
rPois    .         Spirit   +   (helmet restricted)
rElec    .         Reflect  .   M - +0 cloak
rCorr    .         Harm     .   (no gloves)
MR       .....                  l - +0 pair of boots
Stlth    ..........             r - amulet of guardian spirit
HPRegen  0.24/turn              (no ring)
MPRegen  0.11/turn              (no ring)

@: heroism
A: retaliatory headbutt, horns 2
a: Heroism, Finesse, Renounce Religion


You were on level 10 of the Dungeon.
You worshipped Okawaru.
Okawaru was extremely pleased with you.
You were hungry.

You visited 2 branches of the dungeon, and saw 12 of its levels.

You collected 681 gold pieces.
You spent 187 gold pieces at shops.

Inventory:

Hand Weapons
 a - a cursed +2 falchion (weapon)
Missiles
 n - 26 poisoned darts (quivered)
Armour
 b - a +0 scale mail
 c - a +0 shield (worn)
 l - a +0 pair of boots (worn)
 M - a +0 cloak (worn)
 N - a +0 plate armour (worn)
Jewellery
 r - an amulet of guardian spirit (around neck)
 t - an uncursed ring of protection from cold
 F - an uncursed amulet of the acrobat
 G - an uncursed amulet of regeneration
Wands
 x - a wand of clouds (5)
 y - a wand of disintegration (26)
 I - a wand of paralysis (9)
Scrolls
 g - 2 scrolls of noise {unknown}
 h - 3 scrolls of blinking
 j - 2 scrolls of random uselessness {unknown}
 o - 5 scrolls of teleportation
 q - a scroll of enchant armour {unknown}
 s - 7 scrolls of remove curse
 u - a scroll of immolation {unknown}
 C - 2 scrolls of magic mapping {unknown}
 J - 2 scrolls of fear {unknown}
Potions
 d - 2 potions of might
 e - a potion of resistance
 i - 4 potions of invisibility
 k - 2 potions of curing
 m - a potion of berserk rage
 p - 2 potions of brilliance
 v - 2 potions of agility
 w - 4 potions of heal wounds
 z - a potion of magic
 A - 2 potions of haste
 D - 3 potions of flight {unknown}
 E - a potion of lignification {unknown}
 H - a potion of cancellation {unknown}
 K - a potion of mutation {unknown}
Miscellaneous
 B - a box of beasts
Comestibles
 f - 19 rations


   Skills:
 + Level 8.2(13.2) Fighting
 + Level 11.2(16.2) Long Blades
 + Level 9.4(14.4) Armour
 + Level 5.5(10.5) Dodging
 + Level 1.3(6.3) Stealth
 + Level 10.4(15.4) Shields
 + Level 1.2 Invocations


You had 9 spell levels left.
You didn't know any spells.
Your spell library was empty.

Dungeon Overview and Level Annotations

Branches:
Dungeon (11/15)            Temple (1/1) D:4            Lair (0/6) D:10
    Orc (0/2) D:10

Altars:
Ashenzari
Cheibriados
Dithmenos
Elyvilon
Gozag
Kikubaaqudgha
Makhleb
Nemelex Xobeh
Okawaru
Qazlal
Ru
Sif Muna
Trog
Uskayaw
Wu Jian
Xom
Yredelemnul
The Shining One

Shops:
D:5 ?

Annotations:
D:5 2 runed translucent doors
D:10 Snorg


Innate Abilities, Weirdness & Mutations

You reflexively headbutt those who attack you in melee.
You have a pair of horns on your head.


Message History

You kill the orc!
You block Snorg's attack. Snorg claws you.
* * * LOW HITPOINT WARNING * * *
Snorg claws you but does no damage. The sky beast hits you.
* * * LOW HITPOINT WARNING * * *
The sky beast shocks you.
* * * LOW HITPOINT WARNING * * *
The sky beast hits you but does no damage.
Things that are here:
a +2 short sword of flaming; an orc corpse You block Snorg's attack.
Snorg claws you!
* * * LOW HITPOINT WARNING * * *
Snorg claws you but does no damage.
You see here 15 sling bullets.
The sky beast hits you but does no damage.
You block the orc's attack. Snorg bites you but does no damage.
Snorg closely misses you. Snorg completely misses you.
The sky beast barely misses you. Snorg bites you!!
You die...

.#.#....#...#.....#..........#...
.#.#....#...#.....##.........#...
.#.#....#...#......#.........#...
.#.#....#...#......#.........####
.#.#....#...##.....'............#
.#.###'##..[.#.....#............#
.#..........>#######...##########
.###......†)...Y.......#.........
...#......(...oT@......#.........
...#..........##########.........
...############..................
.................................
.................................
...................[..######.....
...................####....#.....
...................#.......#..###
...................#.......#..#..


You could see Snorg (berserk), a sky beast and an orc.

Vanquished Creatures
  3 cyclopes
  A komodo dragon (D:10)
  A troll (D:10)
  4 hippogriffs
  A human (D:8)
  A wyvern (D:10)
  Menkaure (D:4)
  2 ice beasts
  An orc warrior (D:10)
  5 sky beasts
  2 black bears
  6 phantoms
  2 centaurs
  2 big kobolds
  4 bullfrogs
  2 scorpions
  7 killer bees
  3 wights
  3 howler monkeys (D:8)
  A crimson imp (D:6)
  4 jellies
  A quasit (D:10)
  4 hounds
  A centaur zombie (D:9)
  4 orc priests
  A bullfrog zombie (D:5)
  4 bullfrog skeletons
  2 centaur skeletons
  Jessica (D:2)
  9 orc wizards
  13 worker ants
  A hound skeleton (D:5)
  A worker ant zombie (D:9)
  11 adders
  4 gnolls (D:8)
  2 howler monkey skeletons
  A shadow imp (D:4)
  4 worms
  A dart slug (D:4)
  5 leopard geckos
  27 orcs
  4 giant cockroaches
  9 goblins
  8 hobgoblins
  3 iguanas
  11 jackals
  2 quokkas
  2 ball pythons
  4 bats
  6 frilled lizards
  A jackal zombie (D:5)
  14 kobolds
  A leopard gecko skeleton (D:4)
  8 rats
226 creatures vanquished.

Vanquished Creatures (others)
  A plant (D:10)
1 creature vanquished.

Grand Total: 227 creatures vanquished

Notes
Turn   | Place    | Note
-------+----------+-------------------------------------------
     0 | D:1      | Peloso the Minotaur Fighter began the quest for the Orb.
     0 | D:1      | Reached XP level 1. HP: 19/19 MP: 0/0
   380 | D:1      | Reached XP level 2. HP: 27/27 MP: 1/1
   964 | D:2      | Reached XP level 3. HP: 30/33 MP: 2/2
  1061 | D:2      | Reached skill level 3 in Long Blades
  1065 | D:2      | Found a shimmering altar of Xom.
  1078 | D:2      | Reached skill level 1 in Dodging
  1078 | D:2      | Reached XP level 4. HP: 32/40 MP: 3/3
  1181 | D:2      | Noticed Jessica
  1188 | D:2      | Killed Jessica
  1188 | D:2      | Reached skill level 4 in Long Blades
  1188 | D:2      | Reached XP level 5. HP: 40/46 MP: 4/4
  1615 | D:3      | Reached skill level 5 in Long Blades
  1634 | D:3      | Reached XP level 6. HP: 25/53 MP: 5/5
  1886 | D:3      | Found a basalt altar of Yredelemnul.
  1893 | D:3      | Found a shattered altar of Ashenzari.
  1893 | D:3      | Found a shadowy altar of Dithmenos.
  1904 | D:3      | Found an opulent altar of Gozag.
  1908 | D:3      | Found a deep blue altar of Sif Muna.
  2077 | D:4      | Found a staircase to the Ecumenical Temple.
  2089 | Temple   | Entered the Ecumenical Temple
  2177 | Temple   | Became a worshipper of Warmaster Okawaru
  2453 | D:4      | Reached skill level 5 in Armour
  2453 | D:4      | Reached skill level 5 in Shields
  2466 | D:4      | Noticed Menkaure
  2468 | D:4      | Reached skill level 6 in Long Blades
  2475 | D:4      | Killed Menkaure
  2475 | D:4      | Reached XP level 7. HP: 14/60 MP: 6/6
  2776 | D:4      | Reached skill level 5 in Fighting
  3081 | D:5      | Entered Level 5 of the Dungeon
  3089 | D:5      | Found Feogeh's Magic Scroll Boutique.
  3098 | D:5      | Bought a scroll of identify for 30 gold pieces
  3098 | D:5      | Bought a scroll of teleportation for 45 gold pieces
  3098 | D:5      | Bought a scroll of blinking for 112 gold pieces
  3120 | D:5      | Reached * piety under Okawaru
  3289 | D:5      | Found a runed translucent door.
  3290 | D:5      | Found a runed translucent door.
  3945 | D:5      | Reached skill level 7 in Long Blades
  4201 | D:6      | Reached XP level 8. HP: 46/69 MP: 7/7
  4606 | D:6      | Reached skill level 8 in Long Blades
  4839 | D:6      | Found a shimmering altar of Xom.
  5165 | D:7      | Got a slimy ring mail
  5176 | D:7      | Identified the +0 ring mail of the Worm {*Corrode rF+ rN+
                  | Str+4} (You found it on level 7 of the Dungeon)
  5204 | D:7      | Reached ** piety under Okawaru
  5254 | D:7      | Reached skill level 9 in Long Blades
  5300 | D:7      | Reached XP level 9. HP: 27/78 MP: 4/8
  5583 | D:7      | Reached skill level 1 in Stealth
  5703 | D:8      | Noticed a cyclops
  5768 | D:8      | Killed a cyclops
  5768 | D:8      | Reached *** piety under Okawaru
  6191 | D:8      | Found a shadowy altar of Dithmenos.
  6242 | D:8      | Reached skill level 5 in Dodging
  6309 | D:8      | Reached skill level 10 in Long Blades
  6441 | D:8      | Reached **** piety under Okawaru
  6813 | D:9      | Reached XP level 10. HP: 78/86 MP: 7/9
  7261 | D:10     | Entered Level 10 of the Dungeon
  7399 | D:10     | Found a staircase to the Lair.
  7428 | D:10     | Reached skill level 1 in Invocations
  8060 | D:10     | Found a staircase to the Orcish Mines.
  8208 | D:11     | Noticed a cyclops
  8208 | D:11     | Noticed a cyclops
  8539 | D:10     | Killed a cyclops
  8539 | D:10     | Reached skill level 11 in Long Blades
  8548 | D:10     | Killed a cyclops
  8548 | D:10     | Reached skill level 10 in Shields
  8833 | D:11     | Reached ***** piety under Okawaru
  8876 | D:11     | Noticed Snorg
  9013 | D:10     | Mangled by Snorg

Levels and vault maps discovered:
D:1:      tarquinn_simple_flora_water_f, layout_basic
D:2:      layout_rooms, dk_xom_monty_hall, uniq_jessica
D:3:      layout_rooms, minmay_overflow_temple_star_hex
D:4:      layout_rooms, minmay_temple_entry_glassed_door, first_ration,
          minmay_vboxes, uniq_menkaure
D:5:      lemuel_insect_pit, layout_basic, serial_shops, shop
D:6:      layout_basic, lemuel_doored_altar
D:7:      layout_rooms
D:8:      layout_rooms, grunt_pizzeria, grunt_dithmenos_smoke_and_mirrors
D:9:      layout_small_grid
D:10:     layout_irregular_city, david_lair_shrubbed, orc_0_dummy
D:11:     layout_cross, serial_shops, shop, uniq_snorg
Temple:   regret_index_temple_sphere_string

Skill      XL: |  1  2  3  4  5  6  7  8  9 10 |
---------------+-------------------------------+-----
Armour         | 4 5 7 9 |  9.4
Shields        | 4 5 6 8 10 | 10.4
Fighting       | 4 5 6 7 8 |  8.2
Long Blades    | 3 4 5 6 7 9 10 11 | 11.2
Dodging        | 1 2 3 5 |  5.5
Stealth        | 1 |  1.3
Invocations    | 1 |  1.2

Action                   |  1- 3 |  4- 6 |  7- 9 | 10-12 || total
-------------------------+-------+-------+-------+-------++-------
Melee: Long sword        |    72 |   132 |   263 |       ||   467
       Headbutt          |    13 |    28 |    85 |    56 ||   182
       Falchion          |       |       |   158 |   214 ||   372
Invok: Heroism           |       |       |     5 |     4 ||     9
  Use: Scroll            |       |       |     9 |     2 ||    11
  Eat: Chunk             |       |     5 |     9 |     2 ||    16
       Ration            |       |       |     2 |     1 ||     3
Armor: Scale mail        |    37 |    50 |    86 |       ||   173
       Ring mail         |       |       |    31 |       ||    31
       Chain mail        |       |       |    36 |     6 ||    42
       Plate armour      |       |       |       |   114 ||   114
Dodge: Dodged            |    24 |    30 |   108 |    75 ||   237
Block: Shield            |    30 |    60 |   223 |   159 ||   472
       Rpst.: Long sword |     6 |     8 |    24 |       ||    38
       Falchion          |       |       |     5 |    14 ||    19

Table legend:
 A = Non-vault XP
 B = Vault XP
 C = Vault XP percentage of total XP
 D = Non-vault monster count
 E = Vault monster count
 F = Vault count percentage of total count
                 A         B        C        D         E       F
            +---------+---------+-------+---------+---------+-------
      Total |    8974 |     982 |   9.9 |     215 |      11 |   4.9
            +---------+---------+-------+---------+---------+-------
        D:1 |      36 |       0 |   0.0 |      21 |       0 |   0.0
        D:2 |      72 |     125 |  63.5 |      29 |       4 |  12.1
        D:3 |     195 |       0 |   0.0 |      19 |       0 |   0.0
        D:4 |     193 |     300 |  60.9 |      15 |       5 |  25.0
        D:5 |     331 |       0 |   0.0 |      19 |       0 |   0.0
        D:6 |     470 |       0 |   0.0 |      16 |       0 |   0.0
        D:7 |    1607 |       0 |   0.0 |      26 |       0 |   0.0
        D:8 |    1572 |     207 |  11.6 |      27 |       1 |   3.6
        D:9 |     775 |       0 |   0.0 |      13 |       0 |   0.0
       D:10 |    3275 |     350 |   9.7 |      26 |       1 |   3.7
       D:11 |     448 |       0 |   0.0 |       4 |       0 |   0.0
            +---------+---------+-------+---------+---------+-------
